 Dungeon Crawl Stone Soup version 0.18.1-48-g4cf74bf (webtiles) character file.

952 pancakeRgood the Poker (level 7, -6/60 HPs)
             Began as a Minotaur Gladiator on Aug 24, 2016.
             Was an Initiate of Dithmenos.
             Mangled by an iguana (9 damage)
             ... on level 5 of the Dungeon.
             The game lasted 00:21:32 (4694 turns).

pancakeRgood the Poker (Minotaur Gladiator)         Turns: 4694, Time: 00:21:32

Health: -6/60      AC:  9    Str: 21    XL:     7   Next: 90%
Magic:  6/6        EV: 13    Int:  5    God:    Dithmenos [......]
Gold:   212        SH:  3    Dex: 11    Spells: 0 memorised, 6 levels left

rFire  . . .     SeeInvis .     a - +0 trident
rCold  . . .     Gourm    .     w - +2 ring mail
rNeg   . . .     Faith    .     (no shield)
rPois  .         Spirit   .     c - +0 hat
rElec  .         Dismiss  .     (no cloak)
rCorr  .         Reflect  +     I - +0 pair of gloves
SustAt .         Harm     .     (no boots)
MR     .....                    l - +3 amulet of reflection
Stlth  +.........               (no ring)
                                (no ring)

@: slow, not resistant to hostile enchantments, very unstealthy
A: retaliatory headbutt, horns 2
a: Renounce Religion


You were on level 5 of the Dungeon.
You worshipped Dithmenos.
Dithmenos was noncommittal.
You were very hungry.

You visited 2 branches of the dungeon, and saw 6 of its levels.

You collected 212 gold pieces.

Inventory:

Hand Weapons
 a - a +0 trident (weapon)
 i - a cursed -1 hunting sling
 A - a +0 morningstar
Missiles
 d - 3 throwing nets (quivered)
 j - 118 stones
 k - 39 bolts
 s - 43 arrows
 u - 5 tomahawks
Armour
 b - a cursed +0 helmet
 c - a +0 hat (worn)
 w - a +2 ring mail (worn)
 C - a +0 cloak
 I - a +0 pair of gloves (worn)
Magical Staves
 G - an uncursed staff of fire
Jewellery
 l - a +3 amulet of reflection (around neck)
 y - an uncursed ring of stealth {unknown}
Wands
 h - a wand of random effects (30/48)
 E - a wand of lightning (7/15)
 F - a wand of polymorph (19/24)
Scrolls
 m - 2 scrolls of teleportation {unknown}
 o - 4 scrolls of remove curse
 p - 2 scrolls of magic mapping {unknown}
 t - 2 scrolls of identify
 v - a scroll of enchant weapon {unknown}
Potions
 e - 7 potions of curing
 g - a potion of ambrosia
 n - a potion of berserk rage {unknown}
 q - a potion of lignification {unknown}
 x - a potion of heal wounds {unknown}
 B - a potion of haste {unknown}
Comestibles
 f - 3 bread rations
 r - a royal jelly
 z - a slice of pizza
 D - a meat ration
 H - 21 fruits


   Skills:
 + Level 4.8 Fighting
 + Level 6.4 Polearms
 + Level 3.2 Throwing
 + Level 4.3 Armour
 + Level 6.0 Dodging
 + Level 2.0 Stealth


You had 6 spell levels left.
You didn't know any spells.

Dungeon Overview and Level Annotations

Branches:
Dungeon (5/15)             Temple (1/1) D:5

Altars:
Cheibriados
Dithmenos
Elyvilon
Fedhas
Gozag
Makhleb
Pakellas
Qazlal
Ru
Trog
Xom
Yredelemnul
Zin
The Shining One


Innate Abilities, Weirdness & Mutations

You reflexively headbutt those who attack you in melee.
You have a pair of horns on your head.


Message History

You closely miss something. Your headbutt misses something.
A sky beast appears from thin air!
Reactivating autopickup.
The sky beast misses you. The iguana closely misses you.
The sky beast flickers out of sight!
Deactivating autopickup; reactivate with Ctrl-A.
Something hits you but does no damage. x2
The iguana bites you.
* * * LOW HITPOINT WARNING * * *
A sky beast appears from thin air!
Reactivating autopickup.
The sky beast misses you. You furiously retaliate!
You headbutt the sky beast!
You kill the sky beast!
Dithmenos accepts your kill.
Your Dodging skill increases to level 6!
You block the iguana's attack. The iguana barely misses you.
You furiously retaliate!
You headbutt the iguana, but do no damage.
The iguana bites you!
You die...

.....#..%#..# #..#.#..# ...
.....#...#..# #..#....##)..
.........#..###...?≈≈...#.. .
.#...............≈......... .≈≈
#.#.#..##.......≈≈.≈...... .≈# #
#.#..##..###............ .≈#
.#.###..##..###..#......... .≈#+#
........................... .≈≈.≈
.........l@......#.....#..#
.............≈.#..###........'..#
..# #....##....#..# #.##.....#.≈#
..##...........#..###..#.....'..#
.............................#...
<............................#..#
..##.....#.....#..###..##....#..#
#.##.....#...................#..#
#.##..............###..##....#..#


You could see an iguana.

Vanquished Creatures
  Grinder (D:3)
  A sky beast (D:5)
  An ice beast (D:5)
  An ogre (D:5)
  A giant frog (D:5)
  A howler monkey (D:4)
  A crimson imp (D:5)
  An orc priest (D:3)
  3 hounds (D:4)
  A centaur skeleton (D:4)
  An iguana (D:4)
  A hound skeleton (D:4)
  A mummy (D:5)
  2 adders
  4 shadow imps (D:5)
  An ooze (D:3)
  2 adder skeletons
  5 worms
  3 dart slugs
  4 giant geckos
  5 orcs (D:3)
  7 bats
  2 giant cockroaches
  9 goblins
  4 hobgoblins
  11 jackals
  4 quokkas
  A ball python (D:4)
  A giant newt (D:3)
  2 jackal skeletons
  4 kobolds
  12 rats
  2 butterflies
100 creatures vanquished.

Notes
Turn   | Place    | Note
--------------------------------------------------------------
     0 | D:1      | pancakeRgood the Minotaur Gladiator began the quest for the Orb.
     0 | D:1      | Reached XP level 1. HP: 18/18 MP: 0/0
   258 | D:1      | Reached XP level 2. HP: 24/25 MP: 1/1
   616 | D:1      | Reached XP level 3. HP: 30/30 MP: 2/2
  1025 | D:2      | Found a shimmering altar of Xom.
  1693 | D:2      | Reached skill level 1 in Armour
  1756 | D:2      | Reached XP level 4. HP: 18/37 MP: 3/3
  2129 | D:3      | Found a faded altar to an unknown god.
  2360 | D:3      | Noticed Grinder
  2372 | D:3      | Killed Grinder
  2372 | D:3      | Reached skill level 5 in Polearms
  2372 | D:3      | Reached skill level 1 in Stealth
  2372 | D:3      | Reached XP level 5. HP: 8/45 MP: 4/4
  2372 | D:3      | Reached XP level 6. HP: 9/51 MP: 5/5
  2664 | D:3      | Found a glowing silver altar of Zin.
  2811 | D:3      | Reached skill level 5 in Dodging
  3031 | D:4      | Found a burning altar of Makhleb.
  3253 | D:4      | Found a blossoming altar of Fedhas.
  3745 | D:4      | Reached XP level 7. HP: 46/59 MP: 6/6
  3847 | D:5      | Entered Level 5 of the Dungeon
  3967 | D:5      | Found a sacrificial altar of Ru.
  4106 | D:5      | Found a basalt altar of Yredelemnul.
  4224 | D:5      | Found a snail-covered altar of Cheibriados.
  4275 | D:5      | Became a worshipper of Cheibriados the Contemplative
  4309 | D:5      | Found a staircase to the Ecumenical Temple.
  4323 | Temple   | Entered the Ecumenical Temple
  4379 | Temple   | Fell from the grace of Cheibriados
  4379 | Temple   | Became a worshipper of Dithmenos the Shadowed
  4636 | D:5      | Found a white marble altar of Elyvilon.
  4688 | D:5      | HP: 3/60 [something (5)]
  4694 | D:5      | Mangled by an iguana

Skill      XL: |  1  2  3  4  5  6  7 |
---------------+----------------------+-----
Polearms       | 4 5 6 |  6.4
Dodging        | 4 5 6 |  6.0
Armour         | 1 2 3 4 |  4.3
Fighting       | 3 4 |  4.8
Stealth        | 1 2 |  2.0
Throwing       | 3 |  3.2

Action                   |  1- 3 |  4- 6 |  7- 9 || total
-------------------------+-------+-------+-------++-------
Melee: Trident           |    80 |    98 |    54 ||   232
       Headbutt          |    17 |    19 |     8 ||    44
Throw: Throwing net      |     7 |    11 |     4 ||    22
  Use: Scroll            |     2 |     5 |       ||     7
 Stab: Held in net/web   |     3 |     1 |       ||     4
       Sleeping          |     1 |       |       ||     1
  Eat: Chunk             |     3 |     6 |     2 ||    11
Armor: Leather armour    |    13 |    10 |       ||    23
       Ring mail         |       |    14 |    33 ||    47
Dodge: Dodged            |    48 |    56 |    62 ||   166
Block: Other             |     4 |     9 |    10 ||    23
